 Dungeon Crawl Stone Soup version 0.24-a0-535-gbb0d440 (webtiles) character file.

Game seed: 7218021687028165090

383 thomd the Covert (level 6, -19/35 HPs)
             Began as a Vampire Assassin on Aug 10, 2019.
             Demolished by a two-headed ogre
             ... wielding a +0 dire flail of venom
              (23 damage)
             ... on level 4 of the Dungeon.
             The game lasted 00:06:02 (2608 turns).

thomd the Covert (Vampire Assassin)                 Turns: 2608, Time: 00:06:03

Health: -19/35     AC:  3    Str: 10    XL:     6   Next: 47%
Magic:  6/6        EV: 12    Int: 16    God:
Gold:   120        SH:  0    Dex: 15    Spells: 5/5 levels left

rFire    . . .     SeeInvis +   a - +2 dagger
rCold    + + .     Gourm    .   (no shield)
rNeg     + + +     Faith    .   f - +0 robe
rPois    ∞         Spirit   .   (no helmet)
rElec    .         Reflect  .   c - +0 cloak
rCorr    .         Harm     .   (no gloves)
MR       .....                  (no boots)
Stlth    ++++++....             (no amulet)
HPRegen  0.00/turn              (no ring)
MPRegen  0.10/turn              (no ring)

@: bloodless, regenerating quickly
A: no food, fangs 3, see invisible, unbreathing
a: Bat Form, Revivify


You were on level 4 of the Dungeon.
You were bloodless.

You visited 1 branch of the dungeon, and saw 4 of its levels.

You collected 120 gold pieces.

Inventory:

Hand Weapons
 a - a +2 dagger (weapon)
Missiles
 d - 6 poisoned darts (quivered)
 e - 2 curare-tipped darts
Armour
 b - a +0 robe
 c - a +0 cloak (worn)
 f - a +0 robe (worn)
Jewellery
 h - a cursed -3 ring of dexterity {unknown}
 l - a cursed amulet of regeneration {unknown}
 r - an uncursed ring of wizardry {unknown}
Wands
 g - a wand of paralysis (9)
Scrolls
 i - 2 scrolls of immolation {unknown}
 p - a scroll of identify
Potions
 j - a potion of agility
 k - a potion of lignification
 m - 2 potions of brilliance {unknown}
 n - a potion of berserk rage {unknown}
 o - 2 potions of invisibility {unknown}
 q - a potion of haste {unknown}


   Skills:
 - Level 1.7 Fighting
 + Level 5.6 Short Blades
 - Level 1.5 Throwing
 - Level 1.1 Dodging
 + Level 9.4 Stealth


You had 5 spell levels left.
You didn't know any spells.
Your spell library was empty.

Dungeon Overview and Level Annotations

Branches:
Dungeon (4/15)
 Temple: D:4-7

Altars:
Uskayaw

Shops:
D:4 (


Innate Abilities, Weirdness & Mutations

You do not eat.
You do not regenerate when monsters are visible.
You are frail without blood (-20% HP).
You are immune to poison.
You have razor-sharp teeth.
You have supernaturally acute eyesight. (SInv)
You can survive without breathing.


Message History

The two-headed ogre is poisoned.
Throwing (i - inventory. (/) - cycle)
d - 7 poisoned darts (quivered)
Press: ? - help, Shift-Dir - straight line, f/p - two-headed ogre
Aim: a two-headed ogre, wielding a +0 dire flail of venom and a +0 giant club (poisoned)
You throw a poisoned dart.
The poisoned dart hits the two-headed ogre.
The two-headed ogre looks even sicker.
The two-headed ogre hits you with a +0 dire flail of venom!
The two-headed ogre misses you.
Found 11 gold pieces.
A hound comes into view.
The two-headed ogre hits you with a +0 dire flail of venom!!
Ouch! That really hurt!
* * * LOW HITPOINT WARNING * * *
The two-headed ogre misses you.
Found an escape hatch in the ceiling.
You open the door. The two-headed ogre closely misses you.
The two-headed ogre hits you with a +0 giant club!!
Ouch! That really hurt!
You die...

#.≈≈≈≈≈ ....h..# #..≈≈≈.
<...$.# #...##. ..Z..###
##'##..
#......########.....#
#...$..#......#....##
#......+......'..†.#
#......#......#....#
###..O@..##+#####....#
#....#'###.......#####
#....#...#.......#
#....#...#.......#
#(...#...#.......#
#(...'...#...<...#
######....###'#.......#####
#....(..### #.########..>.#
#.......# #........#....#


You could see a two-headed ogre, a hound (sleeping) and a hound skeleton
(dormant).

Vanquished Creatures
  Sigmund (D:3)
  2 hounds (D:4)
  An orc wizard (D:3)
  5 adders
  A worm (D:3)
  5 dart slugs
  3 leopard geckos (D:1)
  3 orcs (D:3)
  A ball python (D:1)
  6 giant cockroaches
  9 hobgoblins
  5 jackals (D:2)
  9 bats
  6 frilled lizards
  10 goblins
  5 kobolds
  4 rats
76 creatures vanquished.

Vanquished Creatures (others)
  A jackal (D:2)
1 creature vanquished.

Grand Total: 77 creatures vanquished

Notes
Turn   | Place    | Note
-------+----------+-------------------------------------------
     0 | D:1      | thomd the Vampire Assassin began the quest for the Orb.
     0 | D:1      | Reached XP level 1. HP: 16/16 MP: 1/1
    26 | D:1      | Reached skill level 6 in Stealth
    64 | D:1      | Reached XP level 2. HP: 21/22 MP: 2/2
   263 | D:1      | Reached XP level 3. HP: 17/27 MP: 3/3
  1005 | D:2      | Reached skill level 7 in Stealth
  1132 | D:2      | Reached XP level 4. HP: 33/33 MP: 4/4
  1492 | D:3      | Noticed Sigmund
  1495 | D:3      | Killed Sigmund
  1495 | D:3      | Reached skill level 5 in Short Blades
  1495 | D:3      | Reached skill level 8 in Stealth
  1495 | D:3      | Reached XP level 5. HP: 38/38 MP: 5/5
  1542 | D:3      | HP: 1/38 [orc wizard/+0 dagger (2)]
  1543 | D:3      | Reached XP level 6. HP: 2/44 MP: 6/6
  1758 | D:3      | Reached skill level 9 in Stealth
  1932 | D:3      | Found a hide-covered altar of Uskayaw.
  1934 | D:3      | Noticed a +0 hand axe
  1934 | D:3      | Noticed a +0 hand axe
  2298 | D:4      | Found Myox's Antique Weapon Emporium.
  2584 | D:4      | Noticed a two-headed ogre
  2608 | D:4      | Demolished by a two-headed ogre

Levels and vault maps discovered:
D:1:      dpeg_arrival_renting, layout_basic, st_stairs_5
D:2:      layout_rooms, minmay_statues_item
D:3:      layout_basic, dancing_weapons_uskayaw, first_ration, uniq_sigmund
D:4:      layout_gridville, minmay_temple_entry_gardened_gates, serial_shops,
          nicolae_shop_waterfront, gammafunk_ghost_necromancy, uniq_edmund

Skill      XL: |  1  2  3  4  5  6 |
---------------+-------------------+-----
Stealth        | 6 7 8 9 |  9.4
Short Blades   | 3 5 |  5.6
Fighting       | |  1.7
Throwing       | |  1.5
Dodging        | |  1.1

Action                   |  1- 3 |  4- 6 || total
-------------------------+-------+-------++-------
Melee: Dagger            |   103 |   111 ||   214
       Bite              |     6 |    13 ||    19
Throw: Dart              |       |     2 ||     2
 Abil: Exsanguinate      |       |     2 ||     2
  Use: Scroll            |     4 |     2 ||     6
       Potion            |       |     1 ||     1
 Stab: Sleeping          |    15 |    15 ||    30
Armor: Robe              |    24 |    19 ||    43
Dodge: Dodged            |    58 |    62 ||   120

Table legend:
 A = Non-vault XP
 B = Vault XP
 C = Vault XP percentage of total XP
 D = Non-vault monster count
 E = Vault monster count
 F = Vault count percentage of total count
                 A         B        C        D         E       F
            +---------+---------+-------+---------+---------+-------
      Total |     322 |     226 |  41.2 |      73 |       4 |   5.2
            +---------+---------+-------+---------+---------+-------
        D:1 |      56 |       6 |   9.7 |      28 |       3 |   9.7
        D:2 |      60 |       0 |   0.0 |      22 |       0 |   0.0
        D:3 |     116 |     220 |  65.5 |      20 |       1 |   4.8
        D:4 |      90 |       0 |   0.0 |       3 |       0 |   0.0
            +---------+---------+-------+---------+---------+-------
